3AAA
SIOUX FALLS RED PANDAS @ KEY WEST CORAL REEFERS
05/22/2034
 
TOP OF THE 1ST
Sioux Falls Red Pandas batting - Pitching for Key West Coral Reefers : RHP Jacob Broome
Pitching: RHP Jacob Broome
Batting: LHB Mo-ruo Teoh 0-0: Ball
1-0: Called Strike
1-1: Fly out, F9 (Flyball, 89S)
Now in RF: Peter Heard
Batting: LHB Tim Waters 0-0: Fly out, F3 (Popup, 3S)
Batting: LHB Terrence Eler 0-0: Ball
1-0: Called Strike
1-1: Foul Ball, location: 2F
1-2: Ball
2-2: SINGLE (Line Drive, 34)
Batting: LHB Richello Mabait 0-0: Fly out, F7 (Flyball, 78D)
Top of the 1st over - 0 runs, 1 hit, 0 errors, 1 left on base; Sioux Falls 0 - Key West 0
BOTTOM OF THE 1ST
Key West Coral Reefers batting - Pitching for Sioux Falls Red Pandas : RHP Ron Stone
Pitching: RHP Ron Stone
Batting: RHB Miguel Montoya 0-0: Foul Ball, location: 2F
0-1: Foul Ball, location: 2F
0-2: Foul Ball, location: 2F
0-2: Strikes out swinging
Batting: RHB Ed Lastinger 0-0: Ball
1-0: Ball
2-0: Ball
3-0: Called Strike
3-1: Base on Balls
Batting: SHB Tony Walsh 0-0: Called Strike
0-1: Ball
1-1: Ball
2-1: Called Strike
2-2: Ball
3-2: Fly out, F7 (Flyball, 7LD)
Batting: RHB Arturo Scantlebury 0-0: Called Strike
0-1: Called Strike
0-2: Fly out, F9 (Line Drive, 89S)
Bottom of the 1st over - 0 runs, 0 hits, 0 errors, 1 left on base; Sioux Falls 0 - Key West 0
TOP OF THE 2ND
Sioux Falls Red Pandas batting - Pitching for Key West Coral Reefers : RHP Jacob Broome
Batting: LHB Robby Young 0-0: Foul Ball, location: 2F
0-1: Fly out, F9 (Flyball, 9D)
Batting: RHB Steve Irwin 0-0: Called Strike
0-1: Called Strike
0-2: Ball
1-2: Strikes out swinging
Batting: RHB Wilfred McLaughlin 0-0: Ball
1-0: Called Strike
1-1: Swinging Strike
1-2: Strikes out swinging
Top of the 2nd over - 0 runs, 0 hits, 0 errors, 0 left on base; Sioux Falls 0 - Key West 0
BOTTOM OF THE 2ND
Key West Coral Reefers batting - Pitching for Sioux Falls Red Pandas : RHP Ron Stone
Batting: SHB Dave Atkins 0-0: Foul Ball, location: 2F
0-1: Ball
1-1: Ball
2-1: Ball
3-1: Base on Balls
Batting: RHB Yoshihiro Iwasaki 0-0: Ball
1-0: Ball
2-0: Ball
3-0: Base on Balls
Dave Atkins to second
Batting: RHB Peter Heard 0-0: Foul Ball, location: 2F
0-1: Ball
1-1: Foul Ball, location: 2F
1-2: Fielders Choice at 2nd, 1-6 (Groundball, P)
Dave Atkins to third
Batting: RHB Craig Tricket 0-0: Ball
Peter Heard is caught stealing 2nd base
1-0: SINGLE (Groundball, 6MD)
Dave Atkins scores
Batting: RHB Juan Martínez 0-0: Reached on error, E4 (Groundball, 4)
Craig Tricket to second
Batting: RHB Miguel Montoya 0-0: Fielders Choice at 2nd, 6-4 (Groundball, 56)
Bottom of the 2nd over - 1 run, 1 hit, 1 error, 2 left on base; Sioux Falls 0 - Key West 1
TOP OF THE 3RD
Sioux Falls Red Pandas batting - Pitching for Key West Coral Reefers : RHP Jacob Broome
Batting: RHB Martinus Xhaka 0-0: Called Strike
0-1: SINGLE (Flyball, 3D)
Batting: SHB Kilipaki Malamapono 0-0: Ball
1-0: Ball
2-0: Ball
3-0: Base on Balls
Martinus Xhaka to second
Batting: LHB Mo-ruo Teoh 0-0: Foul Ball, location: 2F
0-1: Foul Ball, location: 2F
0-2: Fly out, F5 (Popup, 6S)
Batting: LHB Tim Waters 0-0: Ball
1-0: Ball
2-0: Called Strike
2-1: Swinging Strike
2-2: Ball
3-2: Foul Ball, location: 2F
3-2: Reached on error, E6 (Groundball, 6)
Martinus Xhaka to third
Kilipaki Malamapono to second
Batting: LHB Terrence Eler 0-0: Foul Ball, location: 2F
0-1: Foul Ball, location: 2F
0-2: Strikes out looking
Batting: LHB Richello Mabait 0-0: Foul Ball, location: 2F
0-1: Fielders Choice at 2nd, 5-4 (Groundball, 56)
Top of the 3rd over - 0 runs, 1 hit, 1 error, 3 left on base; Sioux Falls 0 - Key West 1
BOTTOM OF THE 3RD
Key West Coral Reefers batting - Pitching for Sioux Falls Red Pandas : RHP Ron Stone
Batting: RHB Ed Lastinger 0-0: Foul Ball, location: 2F
0-1: Ball
1-1: Called Strike
1-2: SINGLE (Groundball, 4D)
Batting: SHB Tony Walsh 0-0: Called Strike
0-1: Grounds into double play, 6-4-3 (Groundball, 6)
Batting: RHB Arturo Scantlebury 0-0: Ball
1-0: Swinging Strike
1-1: Ball
2-1: Ball
3-1: Swinging Strike
3-2: Fly out, F7 (Flyball, 78D)
Bottom of the 3rd over - 0 runs, 1 hit, 0 errors, 0 left on base; Sioux Falls 0 - Key West 1
TOP OF THE 4TH
Sioux Falls Red Pandas batting - Pitching for Key West Coral Reefers : RHP Jacob Broome
Batting: LHB Robby Young 0-0: Called Strike
0-1: Ball
1-1: Ball
2-1: Foul Ball, location: 2F
2-2: Ground out 6-3 (Groundball, 6)
Batting: RHB Steve Irwin 0-0: Ground out 6-3 (Groundball, 6S)
Batting: RHB Wilfred McLaughlin 0-0: Ball
1-0: Foul Ball, location: 2F
1-1: SOLO HOME RUN (Flyball, 9LD), Distance : 339 ft
Batting: RHB Martinus Xhaka 0-0: SINGLE (Groundball, 34D)
Batting: SHB Kilipaki Malamapono 0-0: Called Strike
0-1: Ball
1-1: Ball
2-1: Foul Ball, location: 2F
2-2: Strikes out swinging
Top of the 4th over - 1 run, 2 hits, 0 errors, 1 left on base; Sioux Falls 1 - Key West 1
BOTTOM OF THE 4TH
Key West Coral Reefers batting - Pitching for Sioux Falls Red Pandas : RHP Ron Stone
Batting: SHB Dave Atkins 0-0: Ball
1-0: Ground out 1-3 (Groundball, 15S)
Batting: RHB Yoshihiro Iwasaki 0-0: Ball
1-0: Called Strike
1-1: Called Strike
1-2: Ball
2-2: Strikes out swinging
Batting: RHB Peter Heard 0-0: Ball
1-0: Ball
2-0: SINGLE (Line Drive, 6D)
Pitching: RHP Víctor García
Batting: RHB Craig Tricket 0-0: Ball
1-0: Called Strike
1-1: Ball
2-1: Called Strike
Peter Heard is caught stealing 2nd base
Bottom of the 4th over - 0 runs, 1 hit, 0 errors, 0 left on base; Sioux Falls 1 - Key West 1
TOP OF THE 5TH
Sioux Falls Red Pandas batting - Pitching for Key West Coral Reefers : RHP Jacob Broome
Batting: LHB Mo-ruo Teoh 0-0: Ball
1-0: Ball
2-0: Swinging Strike
2-1: Ball
3-1: SINGLE (Line Drive, 4M)
Batting: LHB Tim Waters 0-0: Called Strike
0-1: Ground out 4-3 (Groundball, 34)
Mo-ruo Teoh to second
Batting: LHB Terrence Eler 0-0: Called Strike
0-1: Swinging Strike
0-2: 2-RUN HOME RUN (Flyball, 9LD), Distance : 363 ft
Batting: LHB Richello Mabait 0-0: Ball
1-0: Ground out 6-3 (Groundball, 56D)
Batting: LHB Robby Young 0-0: Ball
1-0: Ball
2-0: Called Strike
2-1: Swinging Strike
2-2: SINGLE (Popup, 56D)
Batting: RHB Steve Irwin 0-0: Swinging Strike
0-1: Ball
1-1: Ball
2-1: SINGLE (Line Drive, 6)
Robby Young to second
Batting: RHB Wilfred McLaughlin 0-0: Fly out, F5 (Line Drive, 5L)
Top of the 5th over - 2 runs, 4 hits, 0 errors, 2 left on base; Sioux Falls 3 - Key West 1
BOTTOM OF THE 5TH
Key West Coral Reefers batting - Pitching for Sioux Falls Red Pandas : RHP Víctor García
Batting: RHB Craig Tricket 0-0: Called Strike
0-1: Swinging Strike
0-2: Foul Ball, location: 2F
0-2: Strikes out swinging
Batting: RHB Juan Martínez 0-0: Called Strike
0-1: Ball
1-1: Foul Ball, location: 2F
1-2: Ball
2-2: Strikes out looking
Batting: RHB Miguel Montoya 0-0: Ball
1-0: Ball
2-0: Called Strike
2-1: Ball
3-1: Base on Balls
Batting: RHB Ed Lastinger 0-0: Ball
1-0: Called Strike
1-1: Ball
2-1: Swinging Strike
2-2: Fielders Choice at 2nd, 5-4 (Groundball, 56)
Bottom of the 5th over - 0 runs, 0 hits, 0 errors, 1 left on base; Sioux Falls 3 - Key West 1
TOP OF THE 6TH
Sioux Falls Red Pandas batting - Pitching for Key West Coral Reefers : RHP Jacob Broome
Batting: RHB Martinus Xhaka 0-0: Ball
1-0: Called Strike
1-1: SINGLE (Groundball, 56D)
Batting: SHB Kilipaki Malamapono 0-0: Foul Ball, location: 2F
0-1: Foul Ball, location: 2F
0-2: Foul Ball, location: 2F
0-2: Ball
1-2: Ground out U3 (Groundball, 2R)
Martinus Xhaka to second
Batting: LHB Mo-ruo Teoh 0-0: Called Strike
0-1: Foul Ball, location: 2F
0-2: Ball
1-2: Ball
2-2: Strikes out looking
Batting: LHB Tim Waters 0-0: Ball
1-0: Called Strike
1-1: Foul Ball, location: 2F
1-2: Ball
2-2: Foul Ball, location: 2F
2-2: Foul Ball, location: 2F
2-2: SINGLE (Groundball, 56D)
Martinus Xhaka to third
Runner from 3rd tries for Home, SAFE, no throw
Pitching: RHP Mark Deeds
Batting: LHB Terrence Eler 0-0: Ball
1-0: Ground out 3-1 (Groundball, 34S)
Top of the 6th over - 1 run, 2 hits, 0 errors, 1 left on base; Sioux Falls 4 - Key West 1
BOTTOM OF THE 6TH
Key West Coral Reefers batting - Pitching for Sioux Falls Red Pandas : RHP Víctor García
Batting: SHB Tony Walsh 0-0: SINGLE (Line Drive, 34D)
Batting: RHB Arturo Scantlebury 0-0: Ball
1-0: Swinging Strike
1-1: Called Strike
1-2: Foul Ball, location: 2F
1-2: DOUBLE (Line Drive, 5D)
Tony Walsh to third
Batting: SHB Dave Atkins 0-0: Foul Ball, location: 2F
0-1: Ball
1-1: Ball
2-1: Ball
3-1: Base on Balls
Batting: RHB Yoshihiro Iwasaki 0-0: Called Strike
0-1: Ball
1-1: SINGLE (Groundball, 56D)
Tony Walsh scores
Arturo Scantlebury to third
Dave Atkins to second
Batting: RHB Peter Heard 0-0: Grounds into fielders choice 6-2 (Groundball, 6)
Dave Atkins to third
Yoshihiro Iwasaki to second
Batting: RHB Craig Tricket 0-0: SINGLE (Flyball, 78S)
Dave Atkins scores
Yoshihiro Iwasaki to third
Peter Heard to second
Batting: RHB Juan Martínez 0-0: Foul Ball, location: 2F
0-1: Grounds into double play, 4-2-3 (Groundball, 4)
Bottom of the 6th over - 2 runs, 4 hits, 0 errors, 2 left on base; Sioux Falls 4 - Key West 3
TOP OF THE 7TH
Sioux Falls Red Pandas batting - Pitching for Key West Coral Reefers : RHP Mark Deeds
Batting: LHB Richello Mabait 0-0: Ball
1-0: Ball
2-0: Foul Ball, location: 2F
2-1: Foul Ball, location: 2F
2-2: Foul Ball, location: 2F
2-2: Fly out, F6 (Popup, 6M)
Batting: LHB Robby Young 0-0: Called Strike
0-1: SINGLE (Groundball, 34D)
Batting: RHB Steve Irwin 0-0: Foul Ball, location: 2F
0-1: SINGLE (Groundball, 34S) (infield hit)
Robby Young to second
Batting: RHB Wilfred McLaughlin 0-0: Called Strike
0-1: Foul Ball, location: 2F
0-2: Ball
1-2: Grounds into double play, 1-6-3 (Groundball, 13)
Top of the 7th over - 0 runs, 2 hits, 0 errors, 1 left on base; Sioux Falls 4 - Key West 3
BOTTOM OF THE 7TH
Key West Coral Reefers batting - Pitching for Sioux Falls Red Pandas : RHP Víctor García
Batting: RHB Miguel Montoya 0-0: Ball
1-0: Swinging Strike
1-1: Ground out 1-3 (Groundball, 13)
Batting: RHB Ed Lastinger 0-0: Fly out, F9 (Flyball, 9LD)
Pitching: RHP Ricardo Gómez
Batting: SHB Tony Walsh 0-0: Ball
1-0: Called Strike
1-1: SINGLE (Groundball, 34S) (infield hit)
Batting: RHB Arturo Scantlebury 0-0: Fielders Choice at 2nd, 6-4 (Groundball, 6)
Bottom of the 7th over - 0 runs, 1 hit, 0 errors, 1 left on base; Sioux Falls 4 - Key West 3
TOP OF THE 8TH
Sioux Falls Red Pandas batting - Pitching for Key West Coral Reefers : RHP Mark Deeds
Batting: RHB Martinus Xhaka 0-0: Called Strike
0-1: Swinging Strike
0-2: SINGLE (Line Drive, 4MD)
Batting: SHB Kilipaki Malamapono 0-0: Ball
1-0: Bunted foul
1-1: Bunted foul
1-2: Ball
2-2: Foul Ball, location: 2F
2-2: Fly out, F7 (Flyball, 78M)
Batting: LHB Mo-ruo Teoh 0-0: SINGLE (Groundball, 6D)
Martinus Xhaka to second
Batting: LHB Tim Waters 0-0: Ball
1-0: Swinging Strike
1-1: Called Strike
1-2: Foul Ball, location: 2F
1-2: Foul Ball, location: 2F
1-2: Ball
2-2: Ball
3-2: Base on Balls
Martinus Xhaka to third
Mo-ruo Teoh to second
Batting: LHB Terrence Eler 0-0: Grounds into fielders choice 1-2 (Groundball, 15S)
Mo-ruo Teoh to third
Tim Waters to second
Batting: LHB Richello Mabait 0-0: Called Strike
0-1: Ball
1-1: Ball
2-1: Foul Ball, location: 2F
2-2: Ball
3-2: Foul Ball, location: 2F
3-2: Foul Ball, location: 2F
3-2: Foul Ball, location: 2F
3-2: GRAND SLAM HOME RUN (Flyball, 9LD), Distance : 338 ft
Pitching: LHP Marvin Wasmund
Batting: LHB Robby Young 0-0: Foul Ball, location: 2F
0-1: Ball
1-1: Ball
2-1: Foul Ball, location: 2F
2-2: Strikes out looking
Top of the 8th over - 4 runs, 3 hits, 0 errors, 0 left on base; Sioux Falls 8 - Key West 3
BOTTOM OF THE 8TH
Key West Coral Reefers batting - Pitching for Sioux Falls Red Pandas : RHP Ricardo Gómez
Now at 1B: Jorge Vélez
Batting: SHB Dave Atkins 0-0: Ball
1-0: Foul Ball, location: 2F
1-1: Ball
2-1: Ground out 4-3 (Groundball, 4)
Batting: RHB Yoshihiro Iwasaki 0-0: Called Strike
0-1: Ground out 6-3 (Groundball, 56)
Batting: RHB Peter Heard 0-0: Ball
1-0: Fly out, F7 (Flyball, 7)
Bottom of the 8th over - 0 runs, 0 hits, 0 errors, 0 left on base; Sioux Falls 8 - Key West 3
TOP OF THE 9TH
Sioux Falls Red Pandas batting - Pitching for Key West Coral Reefers : LHP Marvin Wasmund
Batting: RHB Steve Irwin 0-0: Called Strike
0-1: Foul Ball, location: 2F
0-2: Ball
1-2: Ball
2-2: Strikes out swinging
Batting: RHB Wilfred McLaughlin 0-0: Ball
1-0: Called Strike
1-1: Ball
2-1: SINGLE (Groundball, 6D)
Batting: RHB Martinus Xhaka 0-0: Called Strike
0-1: Foul Ball, location: 2F
0-2: Foul Ball, location: 2F
0-2: Ball
1-2: Ball
2-2: Fly out, F9 (Flyball, 9)
Batting: SHB Kilipaki Malamapono 0-0: Called Strike
0-1: Ball
1-1: Fly out, F7 (Flyball, 7LMF)
Top of the 9th over - 0 runs, 1 hit, 0 errors, 1 left on base; Sioux Falls 8 - Key West 3
BOTTOM OF THE 9TH
Key West Coral Reefers batting - Pitching for Sioux Falls Red Pandas : RHP Ricardo Gómez
Now at 3B: António Granados
Now at SS: Barrett Drury
Batting: RHB Craig Tricket 0-0: Ball
1-0: Foul Ball, location: 2F
1-1: Ball
2-1: SINGLE (Groundball, 6MD)
Batting: RHB Juan Martínez 0-0: Called Strike
0-1: Foul Ball, location: 2F
0-2: Foul Ball, location: 2F
0-2: Foul Ball, location: 2F
0-2: Foul Ball, location: 2F
0-2: Ball
1-2: Ground out 3-1 (Groundball, 34S)
Craig Tricket to second
Batting: RHB Miguel Montoya 0-0: Ball
1-0: Ball
2-0: Called Strike
2-1: Ball
3-1: Called Strike
3-2: SINGLE (Groundball, 6MD)
Craig Tricket to third
Batting: RHB Ed Lastinger 0-0: Foul Ball, location: 2F
0-1: Ball
1-1: Ball
2-1: Ball
3-1: Ground out 4-3 (Groundball, 4MS)
Craig Tricket scores
Miguel Montoya to second
Batting: SHB Tony Walsh 0-0: Foul Ball, location: 2F
0-1: Fly out, F8 (Flyball, 8LXD)
Bottom of the 9th over - 1 run, 2 hits, 0 errors, 1 left on base; Sioux Falls 8 - Key West 4
Friday, March 29th, 2019 - OOTP Baseball 18.8 Build 76